Construct Section Command Post
Selects Canadian Shock Battlegroup
Selects Canadian Shock Section
Construct Platoon Command Post
Selects Incendiary Munitions
6-pounder Anti-tank Gun Team
Construct Company Command Post
Construct Field Infirmary
Unlock Towed 17-pounder Anti-tank Guns
Selects Churchill Crocodile Heavy Tank
Unlock Bishop Self-propelled Artillery
17-pounder Anti-tank Gun Team
Churchill Crocodile Heavy Tank
Bishop Self-propelled Artillery